 Dungeon Crawl Stone Soup version 0.17-a0-776-gd86b262 (webtiles) character file.

81383 nubinia the Frost Mage (level 15, 108/108 HPs)
             Began as a Yellow Draconian Ice Elementalist on Apr 21, 2015.
             Was the Champion of Sif Muna.
             Quit the game on level 13 of the Dungeon on Apr 24, 2015.
             The game lasted 06:12:33 (37490 turns).

nubinia the Frost Mage (DrIE)                      Turns: 37490, Time: 06:12:33

Health: 108/108    AC: 31    Str: 11    XL:     15   Next: 26%
Magic:  25/48      EV: 19    Int: 24    God:    Sif Muna [******]
Gold:   2911       SH:  6    Dex: 20    Spells: 11 memorised, 7 levels left

rFire  x . .     SeeInvis +     a - +4 long sword (protect)
rCold  + . .     Clarity  +     (armour unavailable)
rNeg   + . .     SustAb   .     f - +1 buckler
rPois  .         Gourm    .     (helmet restricted)
rElec  .         Spirit   .     i - +0 cloak
rCorr  +         Warding  .     g - +3 pair of gloves of Crawling {rN+ Int+4}
rMut   .         Stasis   .     z - +0 pair of boots
MR     .....                    W - amulet of Kunor {Clar MP+9}
Stlth  +++.......               U - ring of magical power
                                H - ring of Mistrust {Ice MR- Int+2 Dex+5 SInv}

@: icy armour, not resistant to hostile enchantments, fairly stealthy
A: spit acid, acid resistance, unfitting armour, shaggy fur 1, acidic bite,
cold-blooded, AC +9
a: Spit Acid, Channel Energy, Forget Spell, Renounce Religion


You were on level 13 of the Dungeon.
You worshipped Sif Muna.
Sif Muna was exalted by your worship.
You were not hungry.

You visited 6 branches of the dungeon, and saw 31 of its levels.
You also visited: Labyrinth and Sewer.

You collected 3266 gold pieces.
You spent 355 gold pieces at shops.

Inventory:

Hand weapons
 a - a +4 long sword of protection (weapon)
 b - a +0 blowgun
Missiles
 r - 75 poisoned needles
Armour
 f - a +1 buckler (worn)
 g - the +3 pair of gloves of Crawling (worn) {rN+ Int+4}
   (You acquired it on level 6 of the Lair of Beasts)

   It affects your intelligence (+4).
   It protects you from negative energy.
 i - a +0 cloak (worn)
 z - a +0 pair of boots (worn)
 J - a +2 pair of gloves of dexterity
Magical staves
 L - an uncursed staff of fire
Jewellery
 j - the amulet "Qeruyrr" {Inacc rF+ rN+ MR+}
   (You found it on level 7 of the Lair of Beasts)

   [amulet of inaccuracy]

   It reduces the accuracy of all your attacks.
   It protects you from fire.
   It protects you from negative energy.
   It affects your resistance to hostile enchantments.
 n - an uncursed amulet of warding
 C - an uncursed ring of stealth
 H - the ring of Mistrust (left hand) {Ice MR- Int+2 Dex+5 SInv}
   (You found it on level 5 of the Dungeon)

   [ring of ice]

   It enhances your ice magic, and weakens your fire magic.
   It affects your intelligence (+2).
   It affects your dexterity (+5).
   It makes you vulnerable to fire.
   It protects you from cold.
   It affects your resistance to hostile enchantments.
   It enhances your eyesight.
 R - an uncursed amulet of stasis
 T - an uncursed ring of wizardry
 U - a ring of magical power (right hand)
 W - the amulet of Kunor (around neck) {Clar MP+9}
   (You found it on level 2 of the Lair of Beasts)

   [amulet of clarity]

   It provides mental clarity.
   It affects your magic capacity (+9).
 X - an uncursed ring of fire
 Z - an uncursed amulet of regeneration
Magical devices
 l - a wand of cold (8)
 w - a wand of fire (1)
 y - a wand of teleportation (4)
 I - a wand of disintegration (3)
 S - a wand of disintegration (14)
 Y - a wand of digging (7)
Scrolls
 e - 12 scrolls of teleportation
 k - 2 scrolls of magic mapping
 p - 4 scrolls of identify
 u - 2 scrolls of fear
 v - 3 scrolls of recharging
 x - 5 scrolls of remove curse
 A - a scroll of fog
 K - 3 scrolls of blinking
 V - a scroll of amnesia
Potions
 h - a potion of berserk rage
 m - 10 potions of curing
 o - a potion of magic
 q - 3 potions of might
 s - 6 potions of brilliance
 F - 3 potions of restore abilities
 G - a potion of haste
 N - 2 potions of heal wounds
 O - 4 potions of cancellation
 Q - 2 potions of agility
Books
 d - a book of Transfigurations

   Spells                             Type                      Level
   a - Stoneskin                      Transmutation/Earth          2
   b - Irradiate                      Conjuration/Transmutation    5
   c - Statue Form                    Transmutation/Earth          6
   d - Hydra Form                     Transmutation                6
   e - Dragon Form                    Transmutation                7
Miscellaneous
 c - a lamp of fire
Comestibles
 E - 24 fruits


   Skills:
 + Level 3.7 Fighting
   Level 1.6(2.4) Short Blades
 + Level 2.6(2.9) Long Blades
 + Level 3.2 Throwing
 + Level 7.9 Dodging
 + Level 5.4 Stealth
 + Level 3.0 Shields
 + Level 11.5 Spellcasting
 * Level 10.2 Conjurations
 + Level 4.5 Charms
 * Level 10.4 Summonings
   Level 4.2 Fire Magic
 * Level 13.7 Ice Magic
 * Level 3.2 Air Magic
 - Level 5.1 Invocations
 + Level 0.4 Evocations


You had 7 spell levels left.
You knew the following spells:

 Your Spells              Type           Power        Failure   Level  Hunger
a - Freeze                Ice            ####         1%          1    None
b - Throw Frost           Conj/Ice       ######       1%          2    None
c - Ozocubu's Armour      Chrm/Ice       ######..     1%          3    None
d - Summon Ice Beast      Ice/Summ       #######.     1%          4    None
e - Throw Icicle          Conj/Ice       #######.     1%          4    None
f - Flight                Chrm/Air       ####......   3%          3    None
h - Swiftness             Chrm/Air       ####....     1%          2    None
i - Call Canine Familiar  Summ           ######..     1%          3    None
j - Summon Butterflies    Summ           ######..     1%          1    None
k - Repel Missiles        Chrm/Air       ####..       1%          2    None
l - Shadow Creatures      Summ           N/A          1%          5    ####...


Dungeon Overview and Level Annotations

Branches:
Dungeon (13/15)            Temple (1/1) D:5            Lair (8/8) D:9
  Swamp (4/5) Lair:3        Snake (1/5) Lair:3        Slime (0/6) Lair:6
    Orc (4/4) D:11            Elf (0/3) Orc:3
 Vaults: D:13-14

Altars:
Ashenzari
Cheibriados
Dithmenos
Elyvilon
Fedhas
Gozag
Kikubaaqudgha
Makhleb
Nemelex Xobeh
Okawaru
Qazlal
Ru
Sif Muna
Trog
Vehumet
Xom
Yredelemnul
Zin
The Shining One
Beogh

Shops:
D:4 [   D:11 (   Orc:3 }   Orc:4 (=[*

Annotations:
D:3 Robin
D:4 Dowan; Duvessa; Grinder; Trafet's ghost, average FoFi
D:8 exclusions: insubstantial wisp and 1 more exclusion
D:9 1 runed door
Lair:1 exclusion: oklob plant
Lair:5 exclusion: oklob plant
Swamp:2 Nikola
Snake:1 exclusion: naga warrior, Asterion; Rupert


Innate Abilities, Weirdness & Mutations

You can spit globs of acid.
You are resistant to acid.
Your golden yellow scales are hard (AC +9).
Your body does not fit into most forms of armour.
You have acidic saliva.
You are cold-blooded and may be slowed by cold attacks.
You are covered in fur (AC +1).


Message History

Your warg bites the basilisk!
The basilisk dies!
The basilisk's shape twists and changes as it dies.
You turn to flesh and can move again.
You swap places.
You see here a shapeshifter corpse.
HP restored.
The skeletal warrior is too close now for your liking.
There is an open door here.
You swap places.
The skeletal warrior hits your big kobold but does no damage.
Your big kobold hits the skeletal warrior but does no damage.
The skeletal warrior hits your big kobold with a long sword!!
Your big kobold dies!
Your big kobold's corpse dissolves into shadows!
Saving game... please wait.
Welcome back, nubinia the Yellow Draconian Ice Elementalist.
Sif Muna whispers: I know many secrets...
Press ? for a list of commands and other information.
Are you sure you want to abandon this character and quit the game? (Confirm with "yes".)

. #..#########.....
....<....z..........
...#######Y#######.. .
#..#.....Y.#
#.##..#.....h@#
#.....#######'#
#..........o..#
#.#..#...#..#.#
#.............##
#..............# .
#.#...#...#..#.# ..#.
#...".....#†...###....
#....###..........#


You could see a skeletal warrior, a friendly warg and 2 friendly ice beasts.

Vanquished Creatures
  6 hydras
  An ice dragon (Lair:4)
  2 ghost crabs
  Erica (D:8)
  An alligator (Swamp:3)
  4 unseen horrors
  A spriggan druid (Swamp:4)
  A hill giant (D:11)
  An orc knight (Orc:4)
  Pikel (D:8)
  A griffon (Lair:8)
  3 orc sorcerers
  A manticore (D:12)
  2 hornets
  2 oklob plants (Lair:6)
  A slime creature (Swamp:4)
  A cyclops (D:11)
  2 centaur zombies
  2 black mambas (Lair:8)
  12 spiny frogs
  2 kobold demonologists (Swamp:1)
  3 komodo dragons
  2 giant leeches (Swamp:1)
  4 trolls
  3 fire drakes
  2 polar bears (Lair:8)
  A bog body (Swamp:1)
  A two-headed ogre (D:11)
  A trapdoor spider zombie (D:9)
  A boulder beetle (Lair:8)
  11 blink frogs
  Sigmund (D:6)
  A shadow (Swamp:3)
  3 vampire mosquitoes
  8 yaks
  Eustachio (D:4)
  A wyvern (D:8)
  10 hippogriffs
  7 swamp worms
  A hungry ghost (D:9)
  A steam dragon (D:8)
  A naga (Snake:1)
  3 soldier ants
  2 wargs
  6 wolves
  3 insubstantial wisps
  2 swamp drakes (Swamp:1)
  15 water moccasins
  10 porcupines
  A gnoll sergeant (D:8)
  4 black bears
  An orc warrior (Orc:4)
  12 sky beasts
  A phantom (D:6)
  6 ogres
  An ice beast (D:9)
  A necrophage (D:6)
  3 centaurs
  9 crocodiles
  The ghost of tabstorm the Insei, an average TeMo (D:5)
  A brain worm (Lair:8)
  13 giant frogs
  11 killer bees
  4 scorpions
  2 electric eels (D:12)
  4 crimson imps
  4 jellies
  3 goliath beetles (D:9)
  6 hounds
  2 giant frog zombies
  5 iguanas
  11 orc wizards
  12 orc priests
  18 worker ants
  7 sheep
  A killer bee zombie (D:5)
  The ghost of tabstorm the Ruffian, a weakling DrMo (D:3)
  13 river rats
  4 gnolls
  15 adders
  4 shadow imps
  2 oozes
  An adder skeleton (D:4)
  3 worms
  54 orcs
  11 bats
  9 giant cockroaches
  29 goblins
  20 hobgoblins
  26 jackals
  15 kobolds
  4 quokkas
  2 ball pythons (Sewer)
  3 giant geckos
  6 giant newts
  2 giant spores
  A quokka zombie (D:7)
  17 rats
  A spectral quokka (Swamp:4)
  3 ballistomycetes
543 creatures vanquished.

Vanquished Creatures (collateral kills)
  Roxanne (Snake:1)
  2 thorn hunters
  2 orc warlords
  Louise (Swamp:2)
  2 very ugly things (Swamp:2)
  Nessos (Lair:5)
  Erolcha (D:10)
  A minotaur (Lab)
  11 hydras
  2 ghost crabs
  A catoblepas (Lair:8)
  An orc high priest (Orc:4)
  4 alligators
  Nergalle (Orc:1)
  2 swamp dragons
  A shambling mangrove (Swamp:3)
  3 orc knights
  A hornet (Swamp:4)
  2 orc sorcerers
  2 griffons
  An oklob plant (Lair:6)
  4 black mambas
  A torpor snail (Lair:8)
  12 spiny frogs
  A queen ant (Lair:3)
  4 komodo dragons
  3 spriggan druids
  2 naga magi
  2 fire drakes (Lair:7)
  4 trolls
  7 giant leeches
  4 polar bears (Lair:8)
  9 blink frogs
  6 slime creatures
  7 ravens
  A boulder beetle (Lair:7)
  6 baby alligators
  3 bog bodies
  A deep elf mage (D:11)
  4 shadows
  37 yaks
  9 spriggans
  3 redbacks (Lair:8)
  3 hippogriffs
  A hungry ghost (D:9)
  3 basilisks
  A basilisk (shapeshifter) (D:13)
  25 vampire mosquitoes
  19 wolves
  9 insubstantial wisps
  4 wargs
  A naga (Snake:1)
  12 swamp worms
  4 soldier ants (Lair:3)
  3 porcupines
  2 ogres (Orc:4)
  20 orc warriors
  An ice beast (D:9)
  9 black bears
  6 swamp drakes
  12 water moccasins
  5 wasps
  An eye of draining (D:11)
  2 necrophages
  A phantom (Swamp:3)
  6 crocodiles
  2 spectral water moccasins
  9 giant frogs
  7 killer bees
  An electric eel (Lair:5)
  A spectral giant frog (Swamp:4)
  3 jellies (Swamp:2)
  14 orc wizards
  14 worker ants
  12 orc priests
  20 sheep
  32 river rats
  61 orcs
  6 goblins
  3 hobgoblins
  A spectral giant gecko (Swamp:4)
509 creatures vanquished.

Vanquished Creatures (others)
  A hydra (Swamp:4)
  An alligator (Swamp:4)
  2 shambling mangroves
  2 spiny frogs
  89 ice beasts
  2 baby alligators (Swamp:2)
  2 giant leeches
  3 ravens
  2 slime creatures (Swamp:4)
  3 bog bodies
  A fire elemental (Swamp:3)
  A shadow (Swamp:2)
  30 wolves
  4 vampire mosquitoes
  4 nagas (Snake:1)
  A warg (Snake:1)
  3 water moccasins
  6 swamp drakes
  A slave (D:8)
  An ogre (D:9)
  A wasp (Swamp:3)
  A crocodile (Swamp:2)
  A big kobold (D:13)
  4 giant frogs
  An orc priest (Orc:3)
  8 hounds
  A worker ant (D:13)
  3 gnolls (D:8)
  4 orcs
  2 hobgoblins (Orc:4)
  A rat (D:2)
  A butterfly (Orc:4)
  6 fungi
  4 plants
197 creatures vanquished.

Grand Total: 1249 creatures vanquished

Notes
Turn   | Place    | Note
--------------------------------------------------------------
     0 | D:1      | nubinia, the Draconian Ice Elementalist, began the quest for the Orb.
     0 | D:1      | Reached XP level 1. HP: 14/14 MP: 3/3
   193 | D:1      | Reached XP level 2. HP: 20/20 MP: 1/5
   240 | D:1      | Learned a level 2 spell: Throw Frost
   960 | D:2      | Reached XP level 3. HP: 26/26 MP: 1/6
   968 | D:2      | Learned a level 3 spell: Ozocubu's Armour
  1084 | D:2      | Found a white marble altar of Elyvilon.
  1707 | D:2      | Found a shimmering altar of Xom.
  1712 | D:2      | Found a blossoming altar of Fedhas.
  1712 | D:2      | Found a shadowy altar of Dithmenos.
  1713 | D:2      | Found a basalt altar of Yredelemnul.
  1717 | D:2      | Found a shattered altar of Ashenzari.
  1785 | D:3      | Noticed tabstorm's ghost (weakling DrMo)
  1803 | D:3      | Found a glowing drain.
  1844 | D:3      | Reached XP level 4. HP: 19/33 MP: 2/8
  1847 | D:3      | Reached skill level 4 in Ice Magic
  1874 | Sewer    | Entered a sewer
  2799 | D:3      | Killed tabstorm's ghost
  2799 | D:3      | Reached XP level 5. HP: 39/39 MP: 0/9
  2966 | D:3      | Noticed Robin
  3176 | D:3      | Found an iron altar of Okawaru.
  4052 | D:4      | Noticed Grinder
  4096 | D:4      | Noticed Eustachio
  4122 | D:4      | Killed Eustachio
  4122 | D:4      | Reached XP level 6. HP: 46/46 MP: 0/11
  4247 | D:4      | Found Meor's Antique Armour Boutique.
  4255 | D:4      | Bought a pair of boots for 85 gold pieces
  4285 | D:4      | Found a snail-covered altar of Cheibriados.
  4383 | D:4      | Found a radiant altar of Vehumet.
  4393 | D:4      | Reached skill level 5 in Ice Magic
  4534 | D:4      | Noticed Duvessa
  4534 | D:4      | Noticed Dowan
  4578 | D:5      | Entered Level 5 of the Dungeon
  4815 | D:4      | Noticed Trafet's ghost (average FoFi)
  5083 | D:5      | Noticed tabstorm's ghost (average TeMo)
  5140 | D:4      | Your scales start taking on a golden yellow colour.
  5140 | D:4      | Reached XP level 7. HP: 32/51 MP: 7/13
  5369 | D:4      | Gained mutation: You are covered in fur (AC +1). [mutagenic meat]
  5385 | D:4      | Found a stormy altar of Qazlal.
  5403 | D:5      | Killed tabstorm's ghost
  5679 | D:5      | Got a vibrating lapis lazuli ring
  5681 | D:5      | Identified the ring of Mistrust {Ice MR- Int+2 Dex+5 SInv} (You found it on level 5 of the Dungeon)
  6053 | D:5      | Found a staircase to the Ecumenical Temple.
  6079 | Temple   | Entered the Ecumenical Temple
  6116 | Temple   | Became a worshipper of Sif Muna the Loreminder
  6122 | Temple   | Learned a level 4 spell: Summon Ice Beast
  6185 | D:5      | Reached skill level 1 in Throwing
  6185 | D:5      | Reached skill level 5 in Spellcasting
  6278 | D:5      | Found a glowing silver altar of Zin.
  6330 | D:5      | Reached skill level 6 in Ice Magic
  6513 | D:6      | Reached skill level 1 in Fighting
  6513 | D:6      | Reached skill level 1 in Charms
  6513 | D:6      | Reached XP level 8. HP: 57/59 MP: 6/15
  6600 | D:6      | Reached skill level 1 in Summonings
  6682 | D:6      | Noticed Sigmund
  6700 | D:6      | Killed Sigmund
  7051 | D:6      | Acquired Sif Muna's first power
  7472 | D:7      | Noticed Pikel
  7499 | D:8      | Killed Pikel
  7499 | D:8      | Reached skill level 1 in Short Blades
  7499 | D:8      | Reached XP level 9. HP: 60/67 MP: 10/18
  7599 | D:8      | Acquired Sif Muna's second power
  7796 | D:8      | Reached skill level 7 in Ice Magic
  8302 | D:8      | Noticed Erica
  8346 | D:8      | Killed Erica
  8346 | D:8      | Reached skill level 5 in Dodging
  8707 | D:8      | Reached skill level 8 in Ice Magic
  8707 | D:8      | Reached XP level 10. HP: 73/73 MP: 16/20
  8925 | D:9      | Learned a level 4 spell: Throw Icicle
  8978 | D:9      | Found a burning altar of Makhleb.
  9119 | D:8      | Found a sparkling altar of Nemelex Xobeh.
  9165 | D:7      | Learned a level 1 spell: Flame Tongue
  9343 | D:8      | Noticed a troll
  9349 | D:8      | Killed a troll
  9349 | D:8      | Reached skill level 1 in Fire Magic
  9504 | D:8      | Found an ancient bone altar of Kikubaaqudgha.
  9811 | D:9      | Found a runed door.
  9834 | D:9      | Found a runed door.
  9973 | D:9      | Found a staircase to the Lair.
  9999 | D:9      | Acquired Sif Muna's third power
 10945 | D:9      | Reached skill level 5 in Conjurations
 11302 | Lair:1   | Entered Level 1 of the Lair of Beasts
 11411 | Lair:1   | Reached skill level 9 in Ice Magic
 11782 | Lair:1   | Reached XP level 11. HP: 28/80 MP: 6/23
 12116 | Lair:1   | Learned a level 3 spell: Conjure Flame
 12337 | Lair:1   | Found a blossoming altar of Fedhas.
 12357 | Lair:1   | Noticed an oklob plant
 13509 | Lair:2   | Got a faintly glowing pewter amulet
 13511 | Lair:2   | Identified the amulet of Kunor {Clar MP+9} (You found it on level 2 of the Lair of Beasts)
 13818 | Lair:3   | Found a labyrinth entrance.
 13835 | Lair:3   | Learned a level 2 spell: Swiftness
 13836 | Lab      | Entered a labyrinth
 13986 | Lab      | Noticed a minotaur
 14011 | Lab      | Killed a minotaur
 14011 | Lab      | Reached skill level 10 in Ice Magic
 14037 | Lab      | Got a pair of bloodstained gloves
 14048 | Lab      | Identified the +3 pair of gloves of the Princeling {rN++ MR- Stlth+} (You found it in a labyrinth)
 14161 | Lair:3   | Reached skill level 1 in Invocations
 14207 | Lair:3   | Received a gift from Sif Muna
 14259 | Lair:3   | Found a staircase to the Snake Pit.
 14519 | Lair:3   | Learned a level 3 spell: Call Canine Familiar
 14711 | Lair:3   | Found a staircase to the Swamp.
 15385 | Lair:4   | Noticed a five-headed hydra
 15389 | Lair:4   | Killed a five-headed hydra
 15389 | Lair:4   | Reached skill level 5 in Summonings
 15389 | Lair:4   | Reached XP level 12. HP: 86/88 MP: 14/25
 15778 | Lair:4   | Noticed an ice dragon
 15813 | Lair:4   | Killed an ice dragon
 16734 | Lair:4   | Upgraded the game from 0.17-a0-744-gaa96792 to 0.17-a0-755-g4391640
 16785 | Lair:5   | Reached skill level 1 in Shields
 16826 | Lair:5   | Reached skill level 1 in Long Blades
 16963 | Lair:5   | Noticed Nessos
 16973 | Lair:5   | Killed Nessos
 16973 | Lair:5   | Reached skill level 11 in Ice Magic
 16981 | Lair:5   | Learned a level 1 spell: Summon Butterflies
 17445 | Lair:5   | Noticed an eight-headed hydra
 17454 | Lair:5   | Killed an eight-headed hydra
 17571 | Lair:5   | Noticed a five-headed hydra
 17584 | Lair:5   | Killed a five-headed hydra
 17584 | Lair:5   | Received a gift from Sif Muna
 17585 | Lair:5   | Identified Sif Muna's Tome of Damaging Cold (Sif Muna gifted it to you on level 5 of the Lair of Beasts)
 18466 | Lair:6   | Identified a scroll of acquirement
 18467 | Lair:6   | Got a pair of shimmering gloves
 18478 | Lair:6   | Identified the +3 pair of gloves of Crawling {rN+ Int+4} (You acquired it on level 6 of the Lair of Beasts)
 18882 | Lair:7   | Noticed a seven-headed hydra
 18886 | Lair:7   | Killed a seven-headed hydra
 19122 | Lair:7   | Reached XP level 13. HP: 84/93 MP: 26/26
 19250 | Lair:7   | Got a smoking iron amulet
 19252 | Lair:7   | Identified the amulet "Qeruyrr" {Inacc rF+ rN+ MR+} (You found it on level 7 of the Lair of Beasts)
 19605 | Lair:7   | You fall through a shaft!
 19605 | Lair:8   | Entered Level 8 of the Lair of Beasts
 19760 | Lair:8   | Reached skill level 10 in Spellcasting
 19760 | Lair:8   | Reached skill level 12 in Ice Magic
 20316 | Lair:8   | Received a gift from Sif Muna
 20323 | Lair:8   | Identified Sif Muna's Compendium of Hurtful Summoning (Sif Muna gifted it to you on level 8 of the Lair of Beasts)
 22231 | Lair:6   | Found a staircase to the Slime Pits.
 22713 | D:10     | Entered Level 10 of the Dungeon
 22748 | D:10     | Noticed Erolcha
 22801 | D:10     | Killed Erolcha
 22801 | D:10     | Reached skill level 5 in Stealth
 23924 | D:11     | Found a staircase to the Orcish Mines.
 24112 | D:11     | Found Anofrul's Weapon Shop.
 24629 | Orc:1    | Entered Level 1 of the Orcish Mines
 25047 | Orc:2    | Found a bloodstained altar of Trog.
 25240 | Orc:2    | Gained mutation: You have acidic saliva. [Yellow Draconian growth]
 25240 | Orc:2    | Reached XP level 14. HP: 19/102 MP: 18/28
 25580 | Orc:1    | Noticed Nergalle
 25767 | Orc:2    | Learned a level 2 spell: Repel Missiles
 25837 | Orc:3    | Noticed an orc warlord
 26111 | Orc:3    | Found a staircase to the Elven Halls.
 26166 | Orc:3    | Found Gusaip's Gadget Shop.
 26465 | Orc:4    | Entered Level 4 of the Orcish Mines
 27505 | Orc:4    | Noticed an orc warlord
 27505 | Orc:4    | Upgraded the game from 0.17-a0-755-g4391640 to 0.17-a0-764-gd40c196
 27635 | Orc:4    | Killed an orc warlord
 27635 | Orc:4    | Received a gift from Sif Muna
 27635 | Orc:4    | Reached skill level 13 in Ice Magic
 27639 | Orc:4    | Identified Sif Muna's Volume of the Harmful Frostbite (Sif Muna gifted it to you on level 4 of the Orcish Mines)
 27926 | Orc:4    | Found a roughly hewn altar of Beogh.
 27975 | Orc:4    | Found Egehoi's Antique Weapon Boutique.
 28007 | Orc:4    | Found Feycaan's Antique Armour Boutique.
 28155 | Orc:4    | Found Sehed's Jewellery Boutique.
 28167 | Orc:4    | Bought a cursed ring of wizardry for 270 gold pieces
 28207 | Orc:4    | Found Kideuzxa's General Store.
 28253 | Orc:4    | Learned a level 5 spell: Shadow Creatures
 28465 | Orc:3    | Killed an orc warlord
 28656 | Orc:1    | Killed Nergalle
 29032 | Swamp:1  | Entered Level 1 of the Swamp
 30007 | Swamp:2  | Noticed Nikola
 30076 | Swamp:2  | Noticed Louise
 30849 | Swamp:2  | Killed Louise
 31858 | Swamp:1  | Learned a level 3 spell: Flight
 32402 | Swamp:3  | Reached skill level 1 in Air Magic
 32682 | Swamp:3  | Upgraded the game from 0.17-a0-764-gd40c196 to 0.17-a0-776-gd86b262
 33096 | Swamp:3  | Noticed a thorn hunter
 33126 | Swamp:3  | Killed a thorn hunter
 33126 | Swamp:3  | Received a gift from Sif Muna
 33127 | Swamp:3  | Identified Sif Muna's Incunabulum of Creative Ice (Sif Muna gifted it to you on level 3 of the Swamp)
 33309 | Swamp:3  | Reached skill level 10 in Summonings
 33591 | Swamp:4  | Reached skill level 10 in Conjurations
 33661 | Swamp:4  | Noticed a thorn hunter
 33670 | Swamp:4  | Killed a thorn hunter
 33670 | Swamp:4  | Reached skill level 5 in Invocations
 33670 | Swamp:4  | Reached XP level 15. HP: 80/107 MP: 30/30
 35258 | Snake:1  | Entered Level 1 of the Snake Pit
 35427 | Snake:1  | Noticed Roxanne
 35476 | Snake:1  | Killed Roxanne
 35548 | Snake:1  | Noticed Asterion
 35581 | Snake:1  | Noticed Rupert
 37490 | D:13     | Quit the game

Action                   |  1- 3 |  4- 6 |  7- 9 | 10-12 | 13-15 || total
-------------------------+-------+-------+-------+-------+-------++-------
Melee: Dagger            |    34 |    79 |   286 |   252 |       ||   651
       Scimitar          |       |       |       |    24 |       ||    24
       Long sword        |       |       |       |   186 |   868 ||  1054
 Fire: Blowgun           |       |       |    18 |   125 |    93 ||   236
 Cast: Freeze            |    55 |   109 |    83 |   236 |   211 ||   694
       Throw Frost       |     1 |     1 |    19 |    69 |    84 ||   174
       Ozocubu's Armour  |       |     2 |    10 |    82 |   110 ||   204
       Summon Ice Beast  |       |       |       |   123 |   325 ||   448
       Call Canine Famil |       |       |       |    22 |    63 ||    85
       Conjure Flame     |       |       |       |     4 |       ||     4
       Throw Icicle      |       |       |       |     8 |    18 ||    26
       Swiftness         |       |       |       |     1 |     3 ||     4
       Flame Tongue      |       |       |       |     1 |       ||     1
       Shadow Creatures  |       |       |       |       |    96 ||    96
       Flight            |       |       |       |       |    28 ||    28
       Repel Missiles    |       |       |       |       |     1 ||     1
       Summon Butterflie |       |       |       |       |     1 ||     1
Invok: Channel Energy    |       |       |       |   147 |   208 ||   355
 Abil: Evoke Teleportati |       |     1 |       |       |       ||     1
       Spit Acid         |       |       |    10 |     8 |     1 ||    19
Evoke: Wand              |       |       |       |     8 |     6 ||    14
       Lamp of fire      |       |       |       |       |     1 ||     1
  Use: Scroll            |    10 |     2 |     8 |    13 |    12 ||    45
       Potion            |       |     2 |     1 |     4 |     7 ||    14
 Stab: Sleeping          |       |     1 |     8 |    26 |    27 ||    62
       Distracted        |       |       |     1 |     9 |    28 ||    38
  Eat: Chunk             |     4 |    11 |    13 |    64 |    83 ||   175
       Fruit             |       |       |     1 |       |     4 ||     5
       Beef jerky        |       |       |       |       |     3 ||     3
       Meat ration       |       |       |       |       |     2 ||     2
       Bread ration      |       |       |       |       |     1 ||     1
